 Dungeon Crawl Stone Soup version 0.28.0-53-g5a82cb258f (webtiles) character file.

Game seed: 12765483033384087727

87 Agrostarius the Cudgeller (level 4, -12/60 HPs)
             Began as a Minotaur Berserker on July 17, 2022.
             Was a Believer of Trog.
             Mangled by an ogre
             ... wielding a +0 giant spiked club
              (19 damage)
             ... on level 4 of the Dungeon.
             The game lasted 00:04:14 (2140 turns).

Agrostarius the Cudgeller (Minotaur Berserker)      Turns: 2140, Time: 00:04:15

Health: -12/60     AC:  6    Str: 24    XL:     4   Next: 28%
Magic:  3/3        EV: 10    Int:  4    God:    Trog [**....]
Gold:   107        SH:  0    Dex:  9    Spells: 3/3 levels left

rFire   . . .      SeeInvis .   a - +0 mace
rCold   . . .      Faith    .   (no shield)
rNeg    . . .      Spirit   .   i - +0 scale mail
rPois   .          Reflect  .   (helmet restricted)
rElec   .          Harm     .   (no cloak)
rCorr   .          Rampage  .   (no gloves)
Will    .....                   (no boots)
Stlth   ..........              (no amulet)
HPRegen 0.20/turn               (no ring)
MPRegen 0.08/turn               (no ring)

@: berserking, very quick
A: horns 2, retaliatory headbutt
a: Renounce Religion, Berserk, Trog's Hand


You were on level 4 of the Dungeon.
You worshipped Trog.
Trog was pleased with you.
You visited 1 branch of the dungeon, and saw 4 of its levels.

You collected 107 gold pieces.

Inventory:

Hand Weapons
 a - a +0 mace (weapon)
 o - a +0 glaive
Armour
 i - a +0 scale mail (worn)
 m - a scarf of harm
Magical Staves
 r - a staff of poison
Jewellery
 q - a +6 ring of intelligence
Wands
 f - a wand of mindburst (15)
Scrolls
 c - 2 scrolls of blinking {unknown}
 d - a scroll of immolation {unknown}
 g - a scroll of teleportation {unknown}
 h - a scroll of identify {unknown}
 j - a scroll of enchant armour {unknown}
 l - a scroll of fog {unknown}
Potions
 b - a potion of flight {unknown}
 e - a potion of invisibility {unknown}
 k - a potion of curing {unknown}
 n - a potion of lignification {unknown}
 p - a potion of cancellation {unknown}


   Skills:
 + Level 4.2 Fighting
 + Level 4.2 Maces & Flails
 + Level 3.3 Armour
 + Level 3.0 Dodging
 + Level 1.4 Stealth


You had 3 spell levels left.
You didn't know any spells.
Your spell library was empty.

Dungeon Overview and Level Annotations

Branches:
Dungeon (4/15)
 Temple: D:4-7

Altars:


Innate Abilities, Weirdness & Mutations

You have a pair of horns on your head.
You reflexively headbutt those who attack you in melee.


Message History

Trog accepts your kill.
No target in view!
No target in view!
No target in view!
No target in view!
No target in view!
No target in view!
No target in view!
q - a +6 ring of intelligence You now have 96 gold pieces (gained 8).
Found a stone staircase leading up.
Found 11 gold pieces.
You see here a staff of poison.
r - a staff of poison Unknown command.
You now have 107 gold pieces (gained 11).
Done exploring.
Done exploring.
There is a stone staircase leading down here.
You climb downwards.
There is a stone staircase leading up here.
There are monsters nearby!
Found 3 poisoned darts and 12 gold pieces.
A red film seems to cover your vision as you go berserk!
You feel yourself moving faster!
You feel mighty!
You sock the ogre!
The ogre is heavily wounded.
The ogre hits you with a +0 giant spiked club!!
Ouch! That really hurt!
You hit the ogre.
The ogre is severely wounded.
The ogre hits you with a +0 giant spiked club!
* * * LOW HITPOINT WARNING * * *
You sock the ogre!
The ogre is almost dead.
You closely miss the scorpion. Your punch misses the scorpion.
The scorpion stings you.
* * * LOW HITPOINT WARNING * * *
The ogre hits you with a +0 giant spiked club!!
You die...

..............$
#.............
#.............
............
#.........(
#<........
#.........
##sO.#...
#.@#.# .
#.........
#..#......
##.##..... ..#
..... ..# ....
#.# #.. ... ..


You could see an ogre and a scorpion.

Vanquished Creatures
  2 adders
  2 worms (D:2)
  6 bats
  6 endoplasms
  4 giant cockroaches
  8 goblins
  4 hobgoblins
  4 jackals (D:1)
  5 kobolds
  3 quokkas
  3 ball pythons
  3 frilled lizards
  6 rats
56 creatures vanquished.

Notes
Turn   | Place    | Note
-------+----------+-------------------------------------------
     0 | D:1      | Agrostarius the Minotaur Berserker began the quest for the
                  | Orb.
     0 | D:1      | Reached XP level 1. HP: 19/19 MP: 0/0
   106 | D:1      | Reached XP level 2. HP: 10/27 MP: 1/1
   868 | D:2      | Reached XP level 3. HP: 33/33 MP: 2/2
   952 | D:2      | Reached skill level 1 in Stealth
  1098 | D:2      | Reached ** piety under Trog
  1706 | D:3      | Reached XP level 4. HP: 36/40 MP: 3/3
  2132 | D:4      | Noticed an ogre
  2132 | D:4      | Noticed a scorpion
  2140 | D:4      | Mangled by an ogre

Illustrated notes

Levels and vault maps discovered:
D:1:      scummos_arrival_gate, layout_basic, nrook_loot_triangle
D:2:      layout_loops_ring
D:3:      layout_rooms, serial_glass, glass_columns_a, glass_columns_a
D:4:      layout_cave_pools, lemuel_round_altar, nicolae_shop_unique_rings

Skill      XL: |  1  2  3  4 |
---------------+-------------+-----
Fighting       | 4 |  4.2
Maces & Flails | 4 |  4.2
Armour         | 3 |  3.3
Stealth        | 1 |  1.4
Dodging        | 3 |  3.0

Action                   |  1- 3 |  4- 6 || total
-------------------------+-------+-------++-------
Melee: Mace              |    73 |    41 ||   114
       Headbutt          |    13 |     2 ||    15
       Punch             |     1 |       ||     1
Invok: Berserk           |     1 |     1 ||     2
 Stab: Sleeping          |     2 |       ||     2
Armor: Animal skin       |    10 |       ||    10
       Scale mail        |    12 |    25 ||    37
Dodge: Dodged            |    53 |    16 ||    69
